Map: Pillars of Gold LE

Players

Serral

  • Race: Zerg Zerg
  • Spawn Location: 7:00

maru - Winner!

  • Race: Terran Terran
  • Spawn Location: 1:00

VOD

Have the link to the VOD?

Description

Time

  • Played on: Oct. 3, 2020, 6:36 a.m.
  • Length: 25:17
Show
View Real Time Build Order
Export as new Build Order

Serral Zerg 

Build Orders: Hatch First, Muta Ling Bane 

Get SALT Encoding   

  12  0:00  Drone  
  13  0:13  Overlord  
  13  0:17  Drone  
  14  0:31  Drone x2  
  16  0:50  Hatchery  
  16  0:53  Drone  
  16  0:57  Drone  
  16  1:01  Drone  
  18  1:10  Extractor  
  17  1:15  Spawning Pool  
  16  1:19  Drone  
  16  1:23  Drone  
  18  1:29  Drone  
  19  1:39  Drone  
  20  1:49  Drone  
  21  2:02  Queen x2  
  21  2:03  Zergling x4  
  27  2:12  Overlord  
  27  2:13  Drone  
  28  2:29  Hatchery  
  27  2:31  Drone  
  27  2:33  Drone  
  27  2:35  Drone  
  30  2:38  Drone  
  31  2:45  Queen  
  31  2:51  Overlord  
  33  2:55  Metabolic Boost  
  33  2:58  Drone  
  33  3:01  Drone  
  33  3:03  Drone  
  36  3:14  Drone x2  
  36  3:15  Drone x2  
  36  3:18  Overlord  
  40  3:21  Drone x2  
  40  3:26  Queen  
  44  3:30  Overlord  
  44  3:34  Overlord  
  44  3:39  Drone  
  45  3:42  Queen  
  45  3:45  Drone x2  
  49  3:51  Drone x2  
  49  3:53  Zergling x2  
  49  3:54  Drone, Zergling x2  
  54  3:58  Drone x2  
  54  3:59  Drone  
  54  4:02  Queen  
  57  4:07  Zergling x2  
  57  4:08  Zergling x2  
  61  4:10  Overlord  
  61  4:12  Drone  
  61  4:14  Drone  
  61  4:15  Drone  
  64  4:21  Overlord  
  64  4:22  Zergling x2  
  64  4:23  Drone x3  
  68  4:26  Zergling x2  
  68  4:28  Lair  
  69  4:31  Extractor  
  69  4:34  Spore Crawler  
  69  4:35  Spore Crawler  
  69  4:36  Zergling x2  
  69  4:37  Drone  
  69  4:38  Drone x2  
  70  4:42  Zergling x2, Baneling Nest  
  70  4:46  Drone, Overlord  
  70  4:47  Drone  
  70  4:49  Drone x2  
  70  4:51  Drone  
  70  4:52  Drone  
  76  4:54  Zergling x2  
  76  4:55  Drone x2  
  76  4:58  Extractor, Drone  
  79  5:03  Drone  
  79  5:06  Zergling x4  
  82  5:11  Drone x2  
  82  5:12  Extractor, Drone x2  
  85  5:17  Evolution Chamber x2  
  85  5:19  Extractor, Drone x2  
  83  5:23  Drone x6  
  83  5:25  Overlord  
  83  5:26  Overlord  
  89  5:29  Centrifical Hooks  
  89  5:34  Overlord  
  89  5:40  Overseer  
  89  5:45  Drone  
  89  5:46  Drone x4  
  89  5:48  Zerg Melee Weapons Level 1  
  94  5:51  Hatchery  
  94  5:52  Extractor, Zerg Ground Armor Level 1  
  94  5:54  Drone  
  93  5:58  Overlord  
  93  5:59  Pneumatized Carapace  
  93  6:00  Zergling x6  
  96  6:07  Zergling x12  
  102  6:19  Spire  
  102  6:20  Overlord  
  102  6:23  Drone x6  
  107  6:26  Baneling x9  
  107  6:28  Drone  
  107  6:30  Zergling x2  
  107  6:31  Zergling x6  
  112  6:39  Overlord  
  112  6:42  Drone x2  
  112  6:44  Zergling x4  
  116  6:51  Drone  
  116  6:53  Zergling x4  
  116  6:54  Extractor, Zergling x4  
  121  7:01  Overlord  
  120  7:03  Queen  
  120  7:04  Zergling x6  
  123  7:13  Drone x3  
  123  7:14  Overlord  
  123  7:15  Overlord  
  126  7:16  Overlord  
  126  7:18  Baneling  
  118  7:32  Mutalisk x11  
  118  7:36  Baneling x2  
  139  7:38  Baneling  
  139  7:45  Overseer  
  139  7:50  Drone  
  139  7:51  Drone x5, Hatchery  
  144  7:52  Zergling x8  
  144  7:55  Zerg Flyer Weapons Level 1  
  144  7:58  Baneling x8  
  148  8:02  Overlord  
  148  8:03  Zergling x16  
  156  8:09  Zerg Melee Weapons Level 2  
  149  8:20  Zerg Ground Armor Level 2  
  149  8:22  Zergling x24  
  161  8:30  Mutalisk x2  
  161  8:31  Zergling x6  
  161  8:32  Zergling x6  
  163  8:35  Zergling x2  
  163  8:39  Baneling x4  
  163  8:40  Baneling x5  
  164  8:42  Overseer  
  164  8:43  Baneling x2  
  164  8:47  Zergling x12  
  170  8:54  Mutalisk, Overlord  
  170  8:55  Mutalisk  
  174  8:57  Zergling x4  
  174  9:00  Spine Crawler  
  174  9:06  Mutalisk x2  
  178  9:13  Drone x11  
  189  9:18  Overlord  
  189  9:20  Infestation Pit, Queen  
  189  9:22  Spore Crawler  
  189  9:26  Mutalisk  
  189  9:27  Mutalisk  
  189  9:29  Overlord  
  189  9:30  Zergling x8  
  197  9:36  Overlord  
  197  9:49  Burrow  
  197  9:51  Zerg Flyer Weapons Level 2  
  197  9:52  Hatchery  
  196  9:54  Spine Crawler  
  196  9:55  Baneling x2, Spore Crawler  
  196  9:56  Baneling x10  
  196  9:57  Zergling x10  
  199  10:04  Hive  
  197  10:14  Zergling x4  
  197  10:26  Zergling x8  
  200  10:32  Baneling x5  
  200  10:35  Baneling x9  
  196  10:43  Zergling x6  
  197  10:51  Drone x3  
  197  10:56  Baneling x2  
  197  10:57  Baneling  
  200  11:13  Baneling x40  
  178  11:27  Zergling x8  
  178  11:28  Zergling x44  
  198  11:33  Zerg Melee Weapons Level 3  
  198  11:35  Overseer, Zergling x4  
  198  11:39  Zerg Ground Armor Level 3  
  200  11:50  Overseer x2  
  200  11:58  Spore Crawler  
  200  12:00  Spine Crawler  
  197  12:03  Baneling x14  
  197  12:05  Zergling x4  
  199  12:10  Hatchery  
  199  12:13  Zergling x16  
  191  12:17  Zergling x2  
  191  12:18  Extractor, Zergling x22  
  191  12:20  Zerg Flyer Armor Level 1  
  200  12:23  Baneling x9  
  197  12:39  Zergling x2  
  197  12:40  Zergling x12  
  200  12:47  Ultralisk Cavern  
  200  12:48  Baneling x7, Spore Crawler  
  189  12:59  Zergling x22  
  189  13:06  Zergling x22  
  199  13:20  Baneling x13  
  199  13:21  Baneling  
  199  13:29  Overseer  
  199  13:31  Baneling x12  
  199  13:38  Chitinous Plating  
  180  13:44  Hatchery  
  180  13:45  Zergling x36  
  180  13:46  Zergling x24  
  199  13:49  Baneling x3  
  186  13:59  Hatchery, Zergling x30  
  186  14:02  Overlord x2  
  194  14:03  Hatchery  
  185  14:12  Overlord  
  184  14:19  Ultralisk x2  
  184  14:21  Baneling x3  
  184  14:22  Baneling  
  189  14:36  Ultralisk x3, Zergling x14  
  198  14:41  Baneling x5  
  192  14:46  Zergling x16  
  198  14:57  Anabolic Synthesis  
  198  15:03  Zergling x34  
  200  15:14  Overseer x2  
  199  15:20  Corruptor x6  
  199  15:21  Corruptor x2  
  191  15:24  Zergling x2  
  191  15:25  Zergling x4  
  196  15:28  Baneling  
  196  15:29  Overseer, Baneling x2  
  196  15:33  Drone x2  
  192  15:36  Zergling x18  
  198  15:43  Baneling x6  
  182  15:50  Zergling x28  
  187  16:00  Corruptor x2  
  185  16:05  Zergling x26  
  185  16:08  Drone x3  
  185  16:10  Baneling x4  
  198  16:13  Zergling x6  
  198  16:14  Hatchery  
  198  16:18  Zerg Flyer Armor Level 2  
  193  16:23  Baneling x6  
  193  16:24  Baneling x5, Zergling x12  
  199  16:28  Baneling x7  
  199  16:31  Baneling x9  
  199  16:32  Zergling x6  
  187  16:43  Ultralisk, Zergling x12  
  185  16:51  Zergling x2  
  185  16:52  Zergling x10  
  188  17:03  Ultralisk, Zergling x2  
  188  17:05  Overlord x3  
  188  17:06  Overlord  
  190  17:14  Zergling x12  
  191  17:16  Baneling x10  
  191  17:18  Zergling x6  
  192  17:23  Overlord x2  
  192  17:27  Overseer, Overlord x2  
  191  17:30  Zergling x16  
  191  17:38  Zergling x18  
  194  17:50  Zergling x2  
  194  17:51  Zergling x16  
  198  17:58  Baneling  
  198  17:59  Baneling x9  
  198  18:03  Zergling x2  
  198  18:04  Zergling x2  
  184  18:14  Zergling x36  
  186  18:21  Ultralisk, Zergling x6  
  186  18:33  Hatchery  
  179  18:37  Zergling x20  
  179  18:39  Baneling x3  
  186  18:43  Drone x3  
  186  18:47  Baneling x9  
  189  18:52  Zergling x2  
  189  18:53  Zergling x12  
  189  18:54  Baneling x7  
  175  18:58  Overseer  
  175  19:01  Zergling x12  
  179  19:09  Zergling x10  
  179  19:17  Baneling  
  179  19:18  Baneling x3  
  179  19:23  Zergling x32  
  165  19:31  Baneling  
  165  19:32  Baneling x10, Zergling x4  
  165  19:33  Zergling x4  
  167  19:40  Ultralisk, Zergling x10  
  173  19:46  Zergling x12  
  173  19:49  Baneling x9  
  167  20:03  Infestor  
  167  20:04  Infestor x3  
  167  20:05  Overseer  
  172  20:07  Zergling x4  
  172  20:08  Hatchery  
  173  20:15  Zergling x2  
  173  20:16  Zergling x4  
  176  20:22  Ultralisk  
  182  20:33  Corruptor x3  
  186  20:41  Infestor x2  
  186  20:42  Ultralisk, Zergling x10  
  186  20:49  Infestor x2  
  186  20:52  Zergling x18  
  186  20:55  Extractor  
  191  21:03  Zergling x18  
  199  21:05  Baneling x3  
  197  21:12  Baneling x4  
  190  21:23  Baneling  
  181  21:29  Zergling x22  
  181  21:30  Zergling x12  
  160  21:36  Zergling x4  
  140  21:41  Overseer  
  140  21:45  Zergling x2  
  140  21:46  Zergling x8  
  137  21:48  Zergling x2  
  132  21:57  Zergling x12  
  132  21:58  Extractor  
  132  21:59  Extractor  
  136  22:02  Baneling x4  
  136  22:04  Zergling x8  
  140  22:09  Extractor x2, Spore Crawler  
  140  22:12  Zergling x4  
  139  22:20  Zergling x12  
  143  22:33  Ultralisk, Zergling x10  
  153  22:38  Baneling x4  
  149  22:47  Zergling x2  
  149  22:48  Zergling x26  
  160  22:57  Zergling x20  
  160  22:58  Zergling x2  
  168  23:01  Baneling  
  168  23:02  Baneling  
  168  23:04  Corruptor  
  168  23:05  Corruptor  
  172  23:08  Ultralisk, Zergling x10  
  183  23:19  Zergling x18  
  192  23:23  Overseer, Baneling x6  
  192  23:24  Baneling  
  192  23:29  Zergling x10  
  188  23:42  Zergling x24  
  188  23:46  Baneling x17  
  184  24:03  Zergling x34  
  178  24:12  Zergling x2  
  178  24:13  Zergling x12  
  175  24:24  Baneling x6  
  175  24:25  Baneling x2  
  171  24:33  Zergling x18  
  180  24:39  Infestor x2  
  180  24:44  Baneling x6  
  180  24:45  Baneling  
  181  24:56  Zergling x2  
  181  24:57  Zergling x14  
Show
View Real Time Build Order
Export as new Build Order

maru Terran - Winner!

Build Orders: Liberator Opening, Reaper Expand 

Get SALT Encoding   

  12  0:00  SCV  
  13  0:12  SCV  
  14  0:17  Supply Depot  
  14  0:24  SCV  
  15  0:39  SCV  
  15  0:40  Barracks  
  16  0:46  Refinery  
  16  0:51  SCV  
  17  1:03  SCV  
  18  1:15  SCV  
  19  1:27  Orbital Command  
  19  1:28  Reaper  
  20  1:41  Command Center  
  20  1:53  Supply Depot, SCV  
  21  2:00  Marine  
  22  2:05  SCV  
  23  2:15  Factory  
  23  2:17  SCV  
  23  2:22  Barracks Reactor  
  24  2:29  SCV  
  25  2:42  SCV  
  26  2:45  Command Center  
  26  2:54  Orbital Command  
  26  2:55  SCV  
  27  3:02  Starport  
  27  3:07  SCV  
  27  3:12  Refinery  
  28  3:19  Hellion, SCV  
  33  3:20  Hellion  
  33  3:23  SCV  
  34  3:31  SCV  
  35  3:35  SCV  
  40  3:41  Hellion x2  
  40  3:43  SCV  
  40  3:45  Liberator  
  40  3:47  SCV  
  45  3:51  Barracks Tech Lab  
  45  3:54  Supply Depot  
  45  3:55  SCV  
  46  3:59  Orbital Command  
  46  4:00  SCV  
  47  4:06  Hellion x2  
  52  4:10  SCV  
  52  4:11  Marine  
  52  4:12  Stimpack  
  54  4:17  SCV  
  54  4:21  Supply Depot  
  54  4:22  SCV  
  55  4:29  Hellion x2, SCV  
  55  4:30  Orbital Command  
  60  4:33  Marine  
  60  4:36  SCV  
  62  4:41  SCV  
  62  4:43  Barracks  
  63  4:45  Refinery  
  63  4:46  Barracks  
  63  4:48  SCV  
  63  4:52  Engineering Bay  
  64  4:53  Engineering Bay, SCV  
  64  4:56  Starport Reactor  
  64  4:59  SCV  
  66  5:00  SCV  
  66  5:03  Factory Reactor  
  66  5:04  Supply Depot  
  66  5:07  SCV  
  68  5:11  SCV  
  68  5:14  Marine, SCV  
  70  5:19  SCV  
  72  5:21  Terran Infantry Weapons Level 1, Terran Infantry Armor Level 1  
  72  5:23  SCV  
  72  5:26  SCV  
  72  5:27  Supply Depot  
  71  5:28  Supply Depot  
  71  5:31  SCV  
  71  5:35  SCV  
  73  5:38  SCV  
  74  5:44  Marine  
  74  5:47  Medivac x2  
  74  5:48  SCV x2  
  81  5:50  Refinery, SCV  
  81  5:51  Factory Reactor  
  81  5:52  Marine x4  
  81  5:55  Supply Depot  
  86  6:00  SCV  
  86  6:02  Marine, Armory  
  86  6:03  SCV  
  86  6:04  SCV  
  90  6:07  Combat Shield  
  90  6:09  Marine  
  90  6:10  Marine x2  
  93  6:12  SCV  
  93  6:15  SCV  
  93  6:16  SCV  
  93  6:17  Supply Depot, Marine  
  97  6:19  Supply Depot  
  97  6:24  SCV  
  98  6:27  Barracks, SCV  
  98  6:28  Barracks, Marine x2  
  98  6:32  Widow Mine x2  
  105  6:36  SCV  
  105  6:37  SCV  
  107  6:41  Supply Depot  
  107  6:43  Supply Depot  
  107  6:45  Factory, Marine x3  
  107  6:46  Marine  
  111  6:50  Supply Depot, Medivac  
  111  6:53  SCV  
  114  6:54  SCV  
  114  6:55  Refinery  
  114  6:57  Widow Mine  
  114  7:00  SCV  
  118  7:02  Marine  
  118  7:03  Marine  
  118  7:05  SCV  
  118  7:06  Supply Depot, SCV  
  122  7:16  Command Center  
  122  7:17  Barracks Reactor x2  
  122  7:23  SCV x2  
  122  7:24  Marine x3  
  122  7:25  Widow Mine x2  
  131  7:32  Marine x2  
  131  7:33  Factory Tech Lab  
  134  7:39  Refinery  
  134  7:41  Marine x2  
  134  7:42  Medivac x2  
  137  7:49  Barracks x2  
  137  7:50  Barracks  
  137  7:52  Terran Infantry Weapons Level 2  
  137  7:53  Terran Infantry Armor Level 2  
  137  7:58  Marine x5  
  140  8:00  Drilling Claws  
  140  8:04  Widow Mine x2  
  146  8:09  Marine x2  
  146  8:12  Marine x2  
  150  8:16  Thor  
  152  8:25  Missile Turret x2  
  152  8:26  Missile Turret  
  146  8:28  Marine x2  
  146  8:29  Marine x2  
  146  8:30  Medivac x2  
  145  8:40  Barracks Tech Lab x3, Widow Mine x2  
  149  8:43  SCV x2  
  149  8:45  Supply Depot  
  149  8:46  Supply Depot  
  151  8:52  Marine x5  
  151  8:53  Marauder  
  156  8:57  SCV x3  
  159  9:04  Missile Turret  
  159  9:09  SCV  
  159  9:10  Planetary Fortress  
  159  9:12  Marauder x3  
  159  9:14  Widow Mine x2  
  159  9:16  Supply Depot  
  169  9:21  Sensor Tower  
  169  9:23  Missile Turret  
  169  9:24  Missile Turret  
  169  9:26  Marine, Marauder  
  169  9:29  Missile Turret  
  169  9:31  Missile Turret  
  172  9:33  Marauder x2  
  172  9:35  Marauder  
  178  9:43  Medivac x2  
  182  9:47  Marauder  
  182  9:50  Command Center, Terran Vehicle And Ship Armor Level 1  
  183  9:54  Supply Depot  
  183  9:55  Supply Depot  
  183  10:06  Marine x2, Marauder  
  187  10:14  Medivac  
  187  10:15  Medivac  
  187  10:16  Marine x2, Marauder x3  
  196  10:23  Terran Infantry Armor Level 3, Terran Infantry Weapons Level 3  
  196  10:26  Barracks  
  196  10:27  Barracks  
  196  10:28  Marauder  
  192  10:36  Marine x2  
  192  10:37  Marauder  
  192  10:38  Marauder  
  192  10:39  Concussive Shells  
  192  10:41  Marine x2  
  200  10:47  Supply Depot x2  
  192  11:00  Missile Turret x2  
  192  11:01  Widow Mine  
  192  11:02  Missile Turret  
  192  11:03  Supply Depot  
  194  11:08  Thor  
  200  11:15  Widow Mine  
  200  11:17  Marine  
  200  11:18  Marauder  
  199  11:20  Marine x2  
  199  11:21  Marauder x2  
  199  11:23  Widow Mine  
  199  11:25  SCV x3  
  189  11:26  Marine  
  189  11:27  Marauder  
  185  11:33  Marine  
  185  11:34  Marine  
  185  11:37  SCV x3  
  185  11:38  Widow Mine  
  185  11:39  Marauder  
  192  11:42  Barracks Tech Lab, Barracks Reactor, Marauder  
  192  11:46  Missile Turret  
  194  11:47  Marine  
  194  11:48  Marauder  
  194  11:49  SCV x3  
  194  11:50  Sensor Tower  
  200  11:58  Missile Turret x2  
  200  11:59  Barracks Tech Lab  
  200  12:00  Missile Turret  
  200  12:06  Planetary Fortress  
  200  12:14  Marine, Marauder  
  185  12:16  Marine x2  
  185  12:17  Marine, Marauder x3  
  185  12:22  Marine x5, Marauder  
  190  12:28  Missile Turret  
  188  12:36  Marauder  
  186  12:38  Marauder x2  
  186  12:39  Marine, Marauder  
  186  12:42  Widow Mine  
  186  12:44  Marauder  
  191  12:45  Factory Reactor  
  191  12:47  Marine x2  
  193  12:57  Marauder  
  193  12:58  Marine x4  
  191  13:00  Marauder x3  
  191  13:04  Widow Mine  
  191  13:05  Marauder  
  197  13:07  Marine x3  
  197  13:12  Marine  
  195  13:13  Medivac x2  
  199  13:20  Refinery  
  199  13:21  Refinery  
  199  13:22  Refinery, Ghost Academy  
  199  13:25  Marine  
  200  13:33  Missile Turret x2  
  200  13:34  Missile Turret  
  200  13:38  Marine x2  
  188  13:52  Marine x2  
  188  13:57  Marauder  
  188  13:59  Marine  
  188  14:00  Marauder  
  188  14:02  Marine, Marauder  
  188  14:03  Marauder, Orbital Command  
  188  14:04  Marine, Marauder  
  177  14:10  Command Center, Marine x2  
  177  14:11  Marine  
  180  14:17  Marine x3  
  180  14:18  Marauder  
  180  14:21  Supply Depot  
  180  14:22  Marauder  
  180  14:23  Widow Mine x2, Marauder  
  193  14:25  Marauder  
  193  14:29  Marauder  
  194  14:35  Marine x2  
  194  14:36  Marine x2  
  194  14:40  Marauder  
  194  14:43  Widow Mine, Marauder  
  194  14:44  Widow Mine  
  194  14:45  SCV  
  199  15:06  Medivac x2  
  196  15:07  Barracks Tech Lab  
  196  15:16  Marine  
  196  15:17  Marauder x2  
  196  15:21  Command Center  
  200  15:33  Marine x2  
  200  15:34  Marine, Marauder x3  
  198  15:36  Widow Mine  
  198  15:40  Marine x2  
  198  15:41  Marauder x2  
  198  15:54  Ghost  
  198  15:55  Ghost  
  187  15:57  Ghost  
  187  16:01  Ghost  
  186  16:06  SCV x3  
  183  16:15  Widow Mine x2, Personal Cloaking, Orbital Command  
  183  16:17  Widow Mine  
  183  16:18  SCV x2  
  189  16:25  SCV  
  189  16:26  Ghost x4  
  189  16:30  SCV x2  
  196  16:50  Ghost  
  192  16:59  Orbital Command  
  190  17:03  Ghost x2  
  194  17:09  Widow Mine x2  
  194  17:16  Command Center  
  194  17:20  Widow Mine  
  194  17:22  Ghost x2, Marine  
  199  17:34  SCV x2  
  195  17:38  Ghost  
  191  17:45  Command Center  
  191  17:47  SCV x3  
  191  17:50  Widow Mine  
  196  17:53  SCV  
  196  17:54  Ghost  
  194  17:59  SCV  
  188  18:06  Marine  
  188  18:07  Marine, Marauder x2, Planetary Fortress  
  187  18:19  Marauder x2  
  167  18:23  Marauder  
  167  18:26  SCV  
  140  18:28  Marauder  
  140  18:29  Marauder  
  140  18:30  Marine x5  
  140  18:31  SCV x2  
  148  18:36  Widow Mine x2, Orbital Command  
  148  18:39  SCV  
  148  18:40  Marauder x2  
  156  18:43  SCV x2  
  156  18:44  Marauder  
  156  18:46  Widow Mine, Medivac x2  
  165  18:50  Marauder  
  165  18:51  Marauder, SCV  
  164  18:55  SCV x2  
  164  18:57  Widow Mine x2  
  169  19:03  Planetary Fortress, SCV  
  169  19:07  Widow Mine, SCV x2  
  169  19:08  Marine x3, Marauder  
  169  19:09  Marauder  
  179  19:24  Marine, Marauder  
  132  19:32  Widow Mine x2, Medivac x2  
  132  19:34  SCV x3  
  132  19:36  Marine  
  144  19:39  Marine x2  
  144  19:40  Marauder  
  148  19:48  SCV x3  
  151  20:02  SCV, Medivac  
  154  20:09  Missile Turret x2  
  154  20:14  Marine  
  154  20:15  Marine, Marauder x2  
  154  20:19  Widow Mine  
  154  20:20  Widow Mine x2, Marine  
  154  20:21  Marine x2, Marauder x3  
  173  20:38  Marauder  
  173  20:39  Marauder  
  173  20:41  Widow Mine x2  
  181  20:46  Marine x5, Marauder x2  
  181  20:47  Refinery, SCV x4  
  181  20:48  Refinery  
  192  20:57  Widow Mine  
  190  20:58  Marine x2  
  190  20:59  Marauder, SCV  
  190  21:02  Command Center  
  189  21:24  Marauder x3  
  182  21:31  Marine x2, Marauder x2  
  148  21:35  Marine  
  113  21:42  Marine x4  
  113  21:45  Marauder x2  
  115  21:47  Marine  
  115  21:48  Marine x2, Marauder  
  115  21:49  Marine x2  
  115  21:52  SCV x2  
  115  21:53  Refinery, SCV x2  
  115  21:54  Refinery, Orbital Command  
  126  21:59  Marine  
  126  22:00  Marine x3  
  130  22:04  SCV  
  130  22:05  SCV x3  
  134  22:11  Medivac x2  
  134  22:13  Marine, Marauder  
  134  22:14  Marauder x2  
  145  22:17  SCV x4  
  149  22:29  SCV x3  
  152  22:32  Marine x2  
  152  22:33  Marauder x2  
  152  22:37  SCV  
  159  22:41  SCV, Medivac x2  
  157  22:54  Planetary Fortress  
  154  22:58  SCV  
  154  23:03  Missile Turret  
  155  23:06  Widow Mine x3, Orbital Command  
  155  23:10  Medivac  
  155  23:11  Medivac  
  171  23:20  Marauder x5  
  171  23:26  Refinery  
  175  23:27  Widow Mine x3  
  175  23:28  Refinery  
  181  23:39  Marine  
  181  23:40  Medivac  
  181  23:41  Medivac  
  185  23:44  Marine x3  
  185  23:45  Marauder x3  
  194  23:49  Marine x2  
  194  23:50  Marauder x2  
  195  24:06  Marine  
  195  24:07  Marine, Marauder x2  
  195  24:08  Marine x3  
  195  24:09  Marauder  
  162  24:10  Marine x3  
  162  24:11  Marauder x2  
  162  24:15  Widow Mine x3  
  163  24:26  Marine  
  163  24:28  Marauder  
  163  24:29  Marauder, SCV x3  
  163  24:30  Marauder  
  173  24:32  Marauder x2  
  173  24:34  Marine  
  173  24:35  Marine x4  
  182  24:50  Marauder x2  
  182  24:51  Marauder  
  188  24:54  Marauder  
Tags
 
Add a new tag
Caveats
  • Supply blocks, unpowered buildings, or Contaminate may cause inaccurate times.
  • Supply counts are checked every 10 seconds.